 Dungeon Crawl Stone Soup version 0.28-a0-1412-gf95308ed99 (webtiles) character file.

Game seed: 6526180461353686442

5093 snetch the Gouger (level 10, -10/66 HPs)
             Began as a Felid Berserker on Jan 5, 2022.
             Was an Elder of Trog.
             Mangled by a killer bee (12 damage)
             ... on level 6 of the Dungeon on Jan 6, 2022.
             The game lasted 00:46:03 (12959 turns).

snetch the Gouger (Felid Berserker)                Turns: 12959, Time: 00:46:04

Health: -10/66     AC:  6    Str: 13    XL:     10   Next: 32%
Magic:  11/11      EV: 24    Int:  9    God:    Trog [****..]
Gold:   589        SH:  0    Dex: 20    Spells: 9/9 levels left
                                        Lives:  0   Deaths: 2

rFire   . . .      SeeInvis +     - Unarmed
rCold   . . .      Faith    .   (shield unavailable)
rNeg    . . .      Spirit   .   (armour unavailable)
rPois   +          Reflect  .   (helmet unavailable)
rElec   .          Harm     .   (cloak unavailable)
rCorr   .          Rampage  .   (gloves unavailable)
Will    +....                   (boots unavailable)
Stlth   ..........              (no amulet)
HPRegen 0.21/turn               n - ring of poison resistance
MPRegen 0.12/turn               t - +4 ring of protection

@: berserking, lethally poisoned (-10 -> -14), very quick
A: very small, claws 1, fangs 3, see invisible, speed 1, shaggy fur 2, stealthy
paws, no weapons or thrown items, no armour, multi-lived
a: Renounce Religion, Berserk, Trog's Hand, Brothers in Arms


You were on level 6 of the Dungeon.
You worshipped Trog.
Trog was greatly pleased with you.
You visited 2 branches of the dungeon, and saw 11 of its levels.
You also visited: Bailey.

You collected 589 gold pieces.

Inventory:

Missiles
 a - 315 stones
Jewellery
 n - a ring of poison resistance (left paw)
 r - a ring of fire
 t - a +4 ring of protection (right paw)
 z - a +6 ring of strength
Wands
 p - a wand of iceblast (11)
 w - a wand of digging (3)
 y - a wand of polymorph (11)
Scrolls
 b - 4 scrolls of vulnerability {unknown}
 d - 2 scrolls of blinking
 e - a scroll of brand weapon {unknown}
 g - a scroll of immolation
 m - a scroll of amnesia {unknown}
 q - a scroll of holy word {unknown}
 u - 3 scrolls of magic mapping {unknown}
 A - a scroll of silence {unknown}
 B - a scroll of enchant weapon {unknown}
Potions
 c - 3 potions of heal wounds {unknown}
 f - 2 potions of resistance {unknown}
 h - a potion of flight
 i - 2 potions of degeneration {unknown}
 k - 2 potions of curing {unknown}
 l - 2 potions of magic {unknown}
 o - a potion of invisibility
 s - a potion of mutation
 v - a potion of haste
 x - a potion of attraction {unknown}
Miscellaneous
 j - a phial of floods (inert)


   Skills:
 + Level 5.1 Fighting
 + Level 9.5 Dodging
 + Level 11.3 Stealth
 + Level 14.1 Unarmed Combat
 + Level 1.1 Evocations


You had 9 spell levels left.
You didn't know any spells.
Your spell library contained the following spells:

 Spells                   Type           Power      Damage    Failure   Level
 Animate Skeleton         Necr           0%         N/A       38%         1
 Magic Dart               Conj           0%         1d3       38%         1
 Pain                     Necr           0%         1d4       38%         1
 Sandblast                Erth           0%         2d4       38%         1
 Call Imp                 Summ           0%         N/A       52%         2
 Ensorcelled Hibernation  Hex/Ice        0%         N/A       52%         2
 Passwall                 Tmut/Erth      0%         N/A       52%         2
 Sublimation of Blood     Necr           0%         N/A       52%         2
 Mephitic Cloud           Conj/Pois/Air  0%         N/A       77%         3
 Stone Arrow              Conj/Erth      0%         3d7       77%         3
 Tukima's Dance           Hex            0%         N/A       77%         3
 Vampiric Draining        Necr           0%         2d6       77%         3
 Petrify                  Tmut/Erth      0%         N/A       99%         4
 Fireball                 Conj/Fire      0%         3d3       100%        5
 Irradiate                Conj/Tmut      0%         3d13      100%        5
 Iskenderun's Battlesphe  Conj           0%         2d6       100%        5
 Conjure Ball Lightning   Conj/Air       0%         3x3d6     100%        6
 Enfeeble                 Hex            0%         N/A       100%        7
 Orb of Destruction       Conj           0%         N/A       100%        7
 Storm Form               Tmut/Air       0%         N/A       100%        7
 Infestation              Necr           0%         N/A       100%        8


Dungeon Overview and Level Annotations

Branches:
Dungeon (10/15)            Temple (1/1) D:5            Lair (0/6) D:9
 Bailey (visited)
    Orc: D:9-12

Altars:
Ashenzari
Cheibriados
Dithmenos
Elyvilon
Fedhas
Gozag
Hepliaklqana
Kikubaaqudgha
Makhleb
Nemelex Xobeh
Okawaru
Qazlal
Ru
Sif Muna
Trog
Uskayaw
Vehumet
Wu Jian
Xom
Yredelemnul
Zin
The Shining One

Annotations:
D:6 1 transporter, Realms's ghost, novice HOFi
D:9 3 runed translucent doors, AverageBear's ghost, journeyman DDFi
D:10 weapons behind glass


Innate Abilities, Weirdness & Mutations

You have sharp claws.
You have razor-sharp teeth.
You have supernaturally acute eyesight. (SInv)
You cover ground quickly. (Speed+)
You are covered in thick fur. (AC +2)
Your paws help you pounce on unaware monsters.
You are incapable of wielding weapons or throwing items.
You cannot wear armour.
You gain extra lives every three experience levels.


Message History

The killer bee goes berserk!
The killer bee misses you.
The killer bee completely misses you. x2
You mangle the queen bee!!
You kill the queen bee!
Trog accepts your kill. The killer bee completely misses you.
The killer bee misses you.
The killer bee completely misses you. x2
Unknown command.
You mangle the killer bee!! You claw the killer bee.
You kill the killer bee!
Trog accepts your kill. The killer bee barely misses you.
The killer bee completely misses you. x2
The killer bee barely misses you. The killer bee misses you.
The killer bee barely misses you. The killer bee stings you!
The killer bee misses you. The killer bee stings you.
* * * LOW HITPOINT WARNING * * *
You scratch the killer bee. Your claw misses the killer bee.
The killer bee is moderately wounded.
The killer bee barely misses you.
The killer bee stings you but does no damage.
The killer bee misses you. The killer bee stings you.
* * * LOW HITPOINT WARNING * * *
The killer bee closely misses you.
You claw the killer bee!
The killer bee is almost dead.
You hear an angry buzzing noise.
The killer bee misses you. The killer bee stings you.
* * * LOW HITPOINT WARNING * * *
You are lethally poisoned!
The killer bee poisons you!
The killer bee stings you but does no damage.
The killer bee completely misses you. The killer bee misses you.
You claw the killer bee!
The killer bee is severely wounded.
* * * LOW HITPOINT WARNING * * *
You feel sick. The killer bee closely misses you. The killer bee misses you.
The killer bee closely misses you. The killer bee misses you.
The killer bee closely misses you. The killer bee stings you!
You die...

####............#####.#
####.....###.###..## #.#####
#.......#########..# #.....#
#......###.###.###.# #####.#
#......##...#...##.# ### #.#
#......##.#.#.####.# ##.###.#
#......##Wy.#!.y##.####.[.##.####
#......#(#.#.#.#y#.+...[[........
#......#[y#...#y@#..###...##.####
#..#..©#©.#.#y#yy#©.# ##<###.#
#......#!.#y .#.y#.## ### #.#
##.###.#?#.# #.#!#.# #.# #.#
#.##...#...##.# ######.#
#.###.##.#####.##.# #......#
#.....##...#...##.# #.######
#.###.###.# #.###.# #.# #.#
#..#########..# #.#


You could see a hornet and 5 killer bees.

Vanquished Creatures
  A boulder beetle (D:9)
  2 centaur warriors (D:8)
  A skeletal warrior (D:8)
  An ugly thing (D:8)
  An orc knight (Bailey)
  A gargoyle (D:8)
  An unseen horror (D:8)
  A komodo dragon (D:9)
  A queen bee (D:6)
  A shadow (D:10)
  A wraith (D:8)
  2 wyverns (D:9)
  Eustachio (D:5)
  4 yaks
  A steam dragon (D:7)
  Menkaure (D:4)
  2 water moccasins
  An acid dragon (D:10)
  Edmund (D:5)
  2 black bears
  An ice beast (D:7)
  3 ogres
  7 orc warriors
  The ghost of Clumpoid the Chopper, an amateur DDFi (D:3)
  2 necrophages
  A centaur (D:8)
  3 kobold brigands
  A phantom (D:7)
  2 bullfrogs (D:7)
  3 scorpions
  Blork the orc (D:5)
  A killer bee (D:6)
  3 howler monkeys
  2 bullfrog zombies
  2 centaur zombies
  A gnoll shaman (D:8)
  3 hounds
  5 orc priests
  A jelly (D:7)
  A centaur skeleton (D:7)
  Jessica (D:2)
  10 orc wizards
  A scorpion simulacrum (D:3)
  A howler monkey zombie (D:9)
  8 adders
  5 gnolls (D:8)
  2 white imps
  2 ufetubi (D:4)
  An adder skeleton (D:4)
  4 worms
  2 dart slugs
  2 adder simulacra (D:3)
  50 orcs
  7 ball pythons
  6 bats
  11 endoplasms
  A giant cockroach (D:4)
  4 hobgoblins
  5 jackals
  6 quokkas
  A ball python simulacrum (D:3)
  3 frilled lizards
  10 goblins
  27 kobolds
  A quokka simulacrum (D:3)
  8 rats
250 creatures vanquished.

Vanquished Creatures (collateral kills)
  2 yaks (D:10)
  A vampire mosquito (D:8)
3 creatures vanquished.

Vanquished Creatures (others)
  3 orcs (D:7)
  2 fungi (D:1)
  11 plants
16 creatures vanquished.

Grand Total: 269 creatures vanquished

Notes
Turn   | Place    | Note
-------+----------+-------------------------------------------
     0 | D:1      | snetch the Felid Berserker began the quest for the Orb.
     0 | D:1      | Reached XP level 1. HP: 10/10 MP: 2/2
   364 | D:1      | Reached XP level 2. HP: 12/14 MP: 3/3
   725 | D:1      | Found a faded altar of an unknown god.
   899 | D:1      | Reached XP level 3. HP: 14/17 MP: 4/4
  1116 | D:2      | Reached ** piety under Trog
  1767 | D:2      | Noticed a necrophage
  1783 | D:2      | Killed a necrophage
  1784 | D:2      | Reached skill level 5 in Dodging
  1784 | D:2      | Reached skill level 4 in Unarmed Combat
  1784 | D:2      | Reached XP level 4. HP: 21/21 MP: 5/5
  1784 | D:2      | Reached XP level 5. HP: 24/24 MP: 6/6
  1927 | D:4      | Identified the +2 robe "Belaink" {+Blink Str+4 Int-3
                  | Stlth+}
  2301 | D:3      | Noticed Clumpoid's ghost (amateur DDFi)
  2530 | D:2      | Noticed Jessica
  2542 | D:2      | Killed Jessica
  2833 | D:2      | Reached skill level 5 in Unarmed Combat
  3431 | D:3      | Found a runed translucent gate.
  3431 | D:3      | Found a runed translucent gate.
  3431 | D:3      | Found a runed translucent gate.
  4027 | D:4      | Gained mutation: You are covered in thick fur. (AC +2)
                  | [Felid growth]
  4027 | D:4      | Reached XP level 6. HP: 21/28 MP: 7/7
  4218 | D:4      | Found a glowing silver altar of Zin.
  4247 | D:4      | Found a snail-covered altar of Cheibriados.
  4298 | D:4      | Reached *** piety under Trog
  4316 | D:5      | Entered Level 5 of the Dungeon
  4936 | D:4      | Found a sacrificial altar of Ru.
  4970 | D:4      | Found a shadowy altar of Dithmenos.
  4973 | D:4      | Noticed Menkaure
  4982 | D:4      | Killed Menkaure
  4983 | D:4      | Reached skill level 6 in Unarmed Combat
  4983 | D:4      | Reached XP level 7. HP: 19/31 MP: 8/8
  5384 | D:4      | Reached skill level 5 in Stealth
  5676 | D:5      | Found a broken altar of Ashenzari.
  5676 | D:5      | Noticed Edmund
  5706 | D:5      | Killed Edmund
  5707 | D:5      | Reached skill level 7 in Unarmed Combat
  5895 | D:5      | Noticed Eustachio
  5931 | D:5      | Killed Eustachio
  5932 | D:5      | Reached XP level 8. HP: 36/36 MP: 9/9
  5932 | D:5      | Found a staircase to the Ecumenical Temple.
  6075 | D:5      | Noticed Blork the orc
  6091 | D:5      | Killed Blork the orc
  6096 | D:5      | Reached skill level 8 in Unarmed Combat
  6449 | Temple   | Entered the Ecumenical Temple
  6964 | D:6      | Reached skill level 9 in Unarmed Combat
  7057 | D:6      | Noticed a hornet
  7058 | D:6      | Found a transporter.
  7065 | D:6      | Found a transporter.
  7067 | D:6      | Noticed Realms's ghost (novice HOFi)
  7129 | D:6      | Noticed a queen bee
  7383 | D:3      | Killed Clumpoid's ghost
  7384 | D:3      | Reached XP level 9. HP: 39/39 MP: 10/10
  8094 | D:6      | Reached skill level 10 in Unarmed Combat
  8474 | D:7      | Found a white marble altar of Elyvilon.
  8920 | D:7      | Reached **** piety under Trog
  9011 | D:7      | Identified the +10 spear "Igofru" {holy, rN+ Int+2}
  9045 | D:8      | Noticed a gargoyle
  9046 | D:8      | Killed a gargoyle
  9047 | D:8      | Reached skill level 11 in Unarmed Combat
  9128 | D:7      | Found a stormy altar of Qazlal.
  9464 | D:8      | Found a glowing golden altar of the Shining One.
  9718 | D:8      | Noticed a skeletal warrior
  9720 | D:8      | Killed a skeletal warrior
  9721 | D:8      | Reached XP level 10. HP: 43/43 MP: 11/11
  9752 | D:8      | Noticed a centaur warrior
  9752 | D:8      | Noticed a cyan ugly thing
  9772 | D:8      | Shot with an arrow by a centaur warrior
  9773 | D:8      | Reached XP level 9. HP: -4/39 MP: 10/10
  9953 | D:8      | Killed a cyan ugly thing
  9954 | D:8      | Reached skill level 12 in Unarmed Combat
 10098 | D:8      | Got the Handbook of Doomed Lightness
 10154 | D:8      | Noticed a centaur warrior
 10154 | D:8      | Noticed an unseen horror
 10176 | D:8      | HP: 1/58 [unseen horror (9)]
 10177 | D:8      | Killed a centaur warrior
 10178 | D:8      | Reached skill level 10 in Stealth
 10182 | D:8      | Killed an unseen horror
 10406 | D:9      | Reached XP level 10. HP: 43/43 MP: 11/11
 10406 | D:9      | Found a flagged portal.
 10454 | Bailey   | Entered a bailey
 10753 | Bailey   | Reached skill level 13 in Unarmed Combat
 10769 | Bailey   | Identified the +0 pair of gloves of the Enchanted Forest
                  | {rElec rN+ Str+3}
 10802 | Bailey   | Noticed an orc knight
 10807 | Bailey   | Killed an orc knight
 11233 | D:8      | Upgraded the game from 0.28-a0-1404-g4df0f3684d to
                  | 0.28-a0-1412-gf95308ed99
 11245 | D:8      | Killed a centaur warrior
 11398 | D:9      | Noticed a boulder beetle
 11445 | D:9      | Slain by a boulder beetle
 11446 | D:9      | Reached XP level 9. HP: -2/60 MP: 10/10
 11627 | D:9      | Killed a boulder beetle
 11628 | D:9      | Reached skill level 5 in Fighting
 11914 | D:9      | Found a runed translucent gate.
 11914 | D:9      | Found a runed translucent gate.
 11914 | D:9      | Found a runed translucent gate.
 11915 | D:9      | Noticed a ten-headed hydra
 11915 | D:9      | Noticed AverageBear's ghost (journeyman DDFi)
 11916 | D:9      | Noticed a nine-headed hydra
 11941 | D:10     | Entered Level 10 of the Dungeon
 12051 | D:9      | Found a staircase to the Lair.
 12052 | D:9      | Noticed a komodo dragon
 12106 | D:9      | Killed a komodo dragon
 12107 | D:9      | Reached XP level 10. HP: 44/44 MP: 11/11
 12199 | D:9      | Found an opulent altar of Gozag.
 12309 | D:10     | Found a hide-covered altar of Uskayaw.
 12311 | D:10     | Noticed a +0 dagger
 12312 | D:10     | Noticed a +0 dagger
 12355 | D:10     | Reached skill level 1 in Evocations
 12432 | D:10     | Reached skill level 14 in Unarmed Combat
 12959 | D:6      | HP: 2/66 [poisoned by a killer bee]
 12959 | D:6      | Mangled by a killer bee

Illustrated notes

Levels and vault maps discovered:
D:1:      dpeg_arrival_connections, layout_basic,
          shapermc_ecumenical_altar_mp_urbaneastern
D:2:      layout_basic, uniq_jessica
D:3:      layout_loops_corners, gammafunk_ghost_icy, roderic_lattice_a
D:4:      layout_basic, lemuel_crystal_altar, mainiacjoe_overflow_brackets,
          kennysheep_little_box, kennysheep_mini_moat,
          chequers_serial_rivers_large_b, kennysheep_generic_room_8,
          uniq_menkaure
D:5:      layout_cave_pools, evilmike_ruin_ashenzari,
          minmay_temple_entry_slanted, uniq_blork_the_orc, uniq_eustachio,
          uniq_edmund
D:6:      layout_loops_corners, gammafunk_ghost_hive
D:7:      layout_basic, kennysheep_mini, mainiacjoe_overflow_catwalk,
          minmay_fractal_squares_5
D:8:      minmay_tri_box, layout_basic, tso_oasis_becter
D:9:      layout_basic, lemuel_doored_altar, david_lair_shrubbed,
          enter_bailey_5, gammafunk_ghost_hydra_chop, grunt_decor_clamped,
          evilmike_butchery
D:10:     layout_irregular_city, dancing_weapons_uskayaw
Temple:   minmay_temple_bridge_abc

Skill      XL: |  1  2  3  4  5  6  7  8  9 10 |
---------------+-------------------------------+-----
Dodging        | 5 6 7 8 9 |  9.5
Stealth        | 2 3 4 5 7 10 11 | 11.3
Unarmed Combat | 4 5 6 7 9 12 14 | 14.1
Fighting       | 4 5 |  5.1
Evocations     | 1 |  1.1

Action                   |  1- 3 |  4- 6 |  7- 9 | 10-12 || total
-------------------------+-------+-------+-------+-------++-------
Melee: Unarmed           |   115 |   154 |   325 |   164 ||   758
       Bite              |     9 |    12 |    43 |    20 ||    84
       Punch             |     2 |     3 |    25 |    15 ||    45
Invok: Berserk           |     3 |     4 |    14 |     5 ||    26
       Trog's Hand       |       |       |     4 |     2 ||     6
       Brothers in Arms  |       |       |     2 |     1 ||     3
Evoke: Wand              |       |       |     4 |       ||     4
       Phial of floods   |       |       |     1 |       ||     1
  Use: Scroll            |       |       |     7 |       ||     7
 Stab: Sleeping          |     5 |    12 |    14 |     2 ||    33
       Distracted        |       |     1 |     3 |       ||     4
Armor: Skin              |    10 |     4 |    20 |    18 ||    52
Dodge: Dodged            |   110 |   134 |   230 |   195 ||   669

Table legend: (Time is in decaauts)
 A = Elapsed time spent in this place.
 B = Non-inter-level travel time spent in this place.
 C = Inter-level travel time spent in this place.
 D = Time resting spent in this place.
 E = Time spent auto-exploring this place.
 F = Levels seen in this place.
 G = Mean time per level.
                   A        B        C        D        E       F      G
               +--------+--------+--------+--------+--------+-----+--------+
         Total |  11577 |  11023 |    554 |    761 |   7195 |  12 |  964.8 |
       Dungeon |  10906 |  10360 |    546 |    696 |   6826 |  10 | 1090.6 |
        Temple |    134 |    127 |      7 |      0 |     92 |   1 |  134.0 |
        Bailey |    536 |    536 |      0 |     65 |    275 |   1 |  536.0 |
               +--------+--------+--------+--------+--------+-----+--------+

Top non-repeatable levels by time:
     D:4: 1363 daAuts
     D:8: 1347 daAuts
     D:1: 1304 daAuts
     D:2: 1276 daAuts
     D:5: 1233 daAuts
     D:6: 1122 daAuts
     D:3: 1071 daAuts
     D:9: 858 daAuts
     D:7: 747 daAuts
    D:10: 581 daAuts
  Bailey: 536 daAuts
  Temple: 134 daAuts
